 Dungeon Crawl Stone Soup version 0.31-a0-1549-g5ff9445e89 (webtiles) character file.

Game seed: 17956013824415562253

348 horus123 the Gusty (level 6, -7/53 HPs)
             Began as an Oni Air Elementalist on Jan 3, 2024.
             Mangled by an ogre
             ... wielding a +0 giant club
              (28 damage)
             ... on level 5 of the Dungeon.
             The game lasted 00:07:31 (5286 turns).

horus123 the Gusty (Oni Air Elementalist)           Turns: 5286, Time: 00:07:32

Health: -7/53      AC:  4    Str: 19    XL:     6   Next: 60%
Magic:  8/13       EV:  9    Int: 23    God:
Gold:   215        SH:  0    Dex:  9    Spells: 5/15 levels left

rFire   . . .        z - +0 battleaxe
rCold   . . .        (shield currently unavailable)
rNeg    . . .        a - +0 robe
rPois   .            (helmet restricted)
rElec   .            p - +0 cloak
rCorr   .            (gloves unavailable)
SInv    +            (boots unavailable)
Will    .....        (no amulet)
Stlth   +            q - ring "Giry" {Str+6 Int+5 SInv}
HPRegen 0.28/turn    (no ring)
MPRegen 0.13/turn

%: no passive effects
@: no status effects
A: large, unfitting armour, horns 1, tough skin 1, double potion healing,
drunken brawling
a: no special abilities


You were on level 5 of the Dungeon.
You visited 1 branch of the dungeon, and saw 5 of its levels.

You collected 215 gold pieces.

Inventory:

Hand Weapons
 c - a +0 hand axe
 z - a +0 battleaxe (weapon)
Armour
 a - a +0 robe (worn)
 p - a +0 cloak (worn)
Magical Staves
 A - a staff of cold
Jewellery
 h - an amulet of faith
 q - the ring "Giry" (left hand) {Str+6 Int+5 SInv}
   (You found it on level 3 of the Dungeon)

   [ring of strength]

   Str+6:     It affects your strength (+6).
   Int+5:     It affects your intelligence (+5).
   SInv:      It lets you see invisible.
 u - a ring of ice
Wands
 B - a wand of polymorph (7)
Scrolls
 d - a scroll of enchant armour {unknown}
 e - 6 scrolls of identify {unknown}
 i - a scroll of amnesia {unknown}
 j - a scroll of noise {unknown}
 k - 2 scrolls of immolation {unknown}
 l - 2 scrolls of fear {unknown}
 s - a scroll of teleportation {unknown}
 x - a scroll of enchant weapon {unknown}
 y - a scroll of silence {unknown}
Potions
 b - a potion of magic
 f - 4 potions of brilliance {unknown}
 g - 3 potions of invisibility {unknown}
 m - a potion of might {unknown}
 n - 2 potions of attraction {unknown}
 o - 2 potions of cancellation {unknown}
 r - a potion of degeneration {unknown}
 t - 2 potions of ambrosia {unknown}
 v - a potion of resistance {unknown}
 w - a potion of curing {unknown}


   Skills:
 - Level 1.7 Dodging
 - Level 1.4 Stealth
 - Level 5.0 Spellcasting
 - Level 2.0 Conjurations
 + Level 5.0 Air Magic


You had 5 spell levels left.
You knew the following spells:

 Your Spells              Type           Power      Damage    Failure   Level
a - Shock                 Conj/Air       84%        1d8       2%          1
b - Static Discharge      Conj/Air       42%        3-5/arc   3%          2
c - Airstrike             Air            14%        2d(2-18)  12%         4
d - Hailstorm             Conj/Ice       10%        3d6       19%         3

Your spell library contained the following spells:

 Spells                   Type           Power      Damage    Failure   Level
 Swiftness                Air            28%        N/A       3%          3
 Freeze                   Ice            20%        1d4       10%         1
 Frozen Ramparts          Ice            10%        1d2       28%         3
 Summon Ice Beast         Ice/Summ       5%         N/A       28%         3
 Sculpt Simulacrum        Ice/Alch       2%         N/A       100%        6


Dungeon Overview and Level Annotations

Branches:
Dungeon (5/15)
 Temple: D:4-7

Altars:

Shops:
D:5 [(

Annotations:
D:5 Eustachio


Innate Abilities, Weirdness & Mutations

You are too large for most types of armour.
You have a pair of small horns on your head.
You have tough skin. (AC +1)
You gain doubled healing and magic from potions.
Whenever you drink a healing potion, you attack all around you.


Message History

You are too injured to fight recklessly!
You are too injured to fight recklessly!
You are too injured to fight recklessly!
You are too injured to fight recklessly!
You are too injured to fight recklessly!
You barely miss the orc. The orc hits you with a +0 flail.
The orc closely misses you.
Aiming: Shock (safe; 2% risk of failure)
Press: ? - help, Q - select action, (/) - cycle Shift-Dir - straight line The zap misses the orc.
The zap hits the orc.
The orc is lightly wounded.
The orc hits you with a +0 flail.
Unknown command.
Aiming: Shock (safe; 2% risk of failure)
Press: ? - help, Q - select action, (/) - cycle Shift-Dir - straight line The zap hits the orc.
You kill the orc!
Unknown command.
Unknown command.
An ogre comes into view. It is wielding a +0 giant club.
Aiming: Shock (safe; 2% risk of failure)
Press: ? - help, Q - select action, (/) - cycle Shift-Dir - straight line The zap misses the ogre.
The zap hits the ogre.
The ogre is lightly wounded.
Unknown command.
Aiming: Shock (safe; 2% risk of failure)
Press: ? - help, Q - select action, (/) - cycle Shift-Dir - straight line
Okay, then.
Unknown command.
Casting: Shock (safe; 2% risk of failure)
Confirm with . or Enter, or press ? or * to list all spells.
The ogre is struck by an arc of lightning!
The ogre is moderately wounded.
You are struck by an arc of lightning.
The ogre is struck by an arc of lightning.
The ogre is heavily wounded.
The lightning grounds out.
The ogre hits you with a +0 giant club!!
Ouch! That really hurt!
You die...

..........#.#.....#.#.....#.#.#
.....(....#.#.....#.#.....#.#.#
.........#.#.....#.#.....#.#..#
......##.####.##.####.##.######
.....#..## ##..## ##..##
......##.# #.##.# ##.
######..######..#### #
#....#.#.....#.#
#.....#.#...@O# #.....#.#....)#
#....#.#...).#.#
#.##.####.##.### ## .## ##..##
## ##


You could see an ogre.

Vanquished Creatures
  Blork the orc (D:5)
  A hound (D:4)
  A sleepcap (D:4)
  4 orc wizards (D:5)
  5 adders
  A dart slug (D:1)
  A ribbon worm (D:4)
  8 orcs
  3 bats
  3 endoplasms
  2 giant cockroaches
  12 hobgoblins
  5 kobolds
  2 quokkas
  10 ball pythons
  5 frilled lizards
  4 goblins
  6 rats
74 creatures vanquished.

Notes
Turn   | Place    | Note
-------+----------+-------------------------------------------
     0 | D:1      | horus123 the Oni Air Elementalist began the quest for the
                  | Orb.
     0 | D:1      | Reached XP level 1. HP: 16/16 MP: 3/3
   250 | D:1      | Reached skill level 1 in Conjurations
   364 | D:1      | Reached XP level 2. HP: 24/24 MP: 1/6
   941 | D:1      | Learned a level 2 spell: Static Discharge
  1209 | D:2      | Reached XP level 3. HP: 31/31 MP: 3/7
  1371 | D:2      | Identified the +1 mace of the Final Shrikes {freeze, rF+
                  | Int-4 Dex+2}
  2156 | D:3      | Reached XP level 4. HP: 39/39 MP: 3/8
  2170 | D:3      | Identified the ring "Giry" {Str+6 Int+5 SInv}
  3248 | D:4      | Reached XP level 5. HP: 45/45 MP: 4/9
  3253 | D:4      | Learned a level 4 spell: Airstrike
  4504 | D:5      | Entered Level 5 of the Dungeon
  4504 | D:5      | Found Fonil's Antique Armour Shop.
  4541 | D:5      | Found Wioh's Weapon Shop.
  4629 | D:5      | Noticed Blork the orc
  4640 | D:5      | Killed Blork the orc
  4641 | D:5      | Reached skill level 5 in Air Magic
  4641 | D:5      | Reached XP level 6. HP: 53/53 MP: 6/12
  4754 | D:5      | Learned a level 3 spell: Hailstorm
  4866 | D:5      | Noticed Eustachio
  5008 | D:5      | Reached skill level 5 in Spellcasting
  5286 | D:5      | Mangled by an ogre

Illustrated notes

Levels and vault maps discovered:
D:1:      mainiacjoe_arrival_oval_in_oval, layout_loops_cross, serial_rivers,
          chequers_serial_rivers_room_a, chequers_serial_rivers_room_a,
          chequers_serial_rivers_small_a, chequers_serial_rivers_micro_d,
          chequers_serial_rivers_micro_e, chequers_serial_rivers_small_b
D:2:      layout_rooms
D:3:      layout_loops_ring, hangedman_decor_points
D:4:      layout_basic, minmay_misc_feat_chi, minmay_bent
D:5:      layout_basic, serial_shops, nicolae_shop_bloodbath_and_beyond,
          nicolae_shop_hallway_stairs, nicolae_houndstooth_variations,
          uniq_menkaure, uniq_blork_the_orc, uniq_eustachio

Skill      XL: |  1  2  3  4  5  6 |
---------------+-------------------+-----
Spellcasting   | 3 4 5 |  5.0
Conjurations   | 1 2 |  2.0
Air Magic      | 3 4 5 |  5.0
Dodging        | |  1.7
Stealth        | |  1.4

Action                     |  1- 3 |  4- 6 || total
---------------------------+-------+-------++-------
  Melee: Hand axe          |     7 |     3 ||    10
         Battleaxe         |       |    21 ||    21
         Unarmed           |       |     3 ||     3
         Headbutt          |       |     4 ||     4
   Cast: Shock             |    81 |    86 ||   167
         Static Discharge  |       |     2 ||     2
 Armour: Robe              |    11 |    54 ||    65
         Skin              |       |     3 ||     3
  Dodge: Dodged            |    12 |    24 ||    36

Table legend: (Time is in decaauts)
 A = Elapsed time spent in this place.
 B = Non-inter-level travel time spent in this place.
 C = Inter-level travel time spent in this place.
 D = Time resting spent in this place.
 E = Time spent auto-exploring this place.
 F = Levels seen in this place.
 G = Mean time per level.
                   A        B        C        D        E       F      G
               +--------+--------+--------+--------+--------+-----+--------+
         Total |   5302 |   5122 |    180 |    186 |   4067 |   5 | 1060.4 |
       Dungeon |   5302 |   5122 |    180 |    186 |   4067 |   5 | 1060.4 |
               +--------+--------+--------+--------+--------+-----+--------+

Top non-repeatable levels by time:
     D:4: 1829 daAuts
     D:1: 1172 daAuts
     D:3: 938 daAuts
     D:5: 697 daAuts
     D:2: 664 daAuts
